Map: 匹昂台地

Players

Quail

  • Race: Protoss Protoss
  • League: Diamond

ANDY - Winner!

  • Race: Terran Terran
  • League: Diamond

VOD

Have the link to the VOD?

Description

Time

  • Played on: Dec. 4, 2015, 9:41 a.m.
  • Length: 11:12
Show
View Real Time Build Order
Export as new Build Order

Quail Protoss 

Build Orders: 1 Gate Expand, Oracle Opening 

Get SALT Encoding   

  12  0:01  Probe (Chrono Boost)  
  13  0:11  Probe (Chrono Boost)  
  14  0:18  Pylon  
  14  0:22  Probe (Chrono Boost)  
  15  0:36  Probe (Chrono Boost)  
  15  0:37  Gateway  
  16  0:45  Assimilator  
  16  0:46  Probe (Chrono Boost)  
  18  0:57  Probe (Chrono Boost)  
  18  1:17  Nexus  
  18  1:27  Cybernetics Core  
  18  1:31  Probe (Chrono Boost)  
  19  1:42  Probe (Chrono Boost), Pylon  
  20  1:52  Probe (Chrono Boost)  
  21  2:01  Assimilator  
  21  2:03  Probe (Chrono Boost)  
  21  2:04  Adept  
  24  2:15  Stargate  
  24  2:20  Probe (Chrono Boost)  
  25  2:31  Probe (Chrono Boost), Adept  
  25  2:34  Probe (Chrono Boost)  
  25  2:36  Warp Gate  
  29  2:41  Probe (Chrono Boost)  
  30  2:44  Probe (Chrono Boost)  
  30  2:48  Pylon  
  31  2:53  Probe (Chrono Boost)  
  31  2:55  Probe (Chrono Boost)  
  33  3:02  Oracle  
  33  3:04  Probe (Chrono Boost)  
  37  3:09  Probe (Chrono Boost)  
  38  3:14  Probe (Chrono Boost)  
  38  3:19  Probe (Chrono Boost)  
  40  3:20  Gateway  
  40  3:25  Mothership Core (Chrono Boost)  
  42  3:30  Stalker  
  42  3:32  Probe (Chrono Boost)  
  45  3:36  Assimilator  
  45  3:38  Pylon  
  45  3:42  Probe (Chrono Boost)  
  45  3:43  Probe (Chrono Boost)  
  47  3:53  Probe (Chrono Boost)  
  47  3:54  Probe (Chrono Boost)  
  47  3:55  Pylon  
  49  4:02  Gateway  
  49  4:03  Probe (Chrono Boost)  
  49  4:05  Probe (Chrono Boost)  
  51  4:14  Probe (Chrono Boost)  
  51  4:15  Probe (Chrono Boost)  
  53  4:24  Probe (Chrono Boost)  
  53  4:25  Stalker  
  53  4:26  Stalker  
  53  4:30  Gateway  
  58  4:32  Pylon  
  58  4:33  Assimilator  
  58  4:34  Twilight Council  
  58  4:42  Void Ray  
  62  4:56  Gateway  
  62  4:59  Robotics Facility  
  62  5:05  Adept  
  64  5:11  Forge  
  64  5:20  Resonating Glaives, Forge  
  64  5:21  Adept x2  
  68  5:40  Adept x2  
  72  5:43  Nexus  
  72  5:45  Pylon  
  72  5:51  Observer  
  72  5:56  Pylon  
  73  5:59  Adept  
  75  6:04  Probe (Chrono Boost)  
  75  6:05  Probe (Chrono Boost)  
  77  6:12  Observer (Chrono Boost)  
  77  6:14  Fleet Beacon  
  77  6:15  Probe (Chrono Boost)  
  77  6:17  Protoss Ground Weapons Level 1  
  79  6:25  Adept x2  
  81  6:26  Adept x2  
  81  6:32  Photon Cannon  
  88  6:33  Observer (Chrono Boost), Photon Cannon  
  88  6:41  Stalker  
  90  6:52  Templar Archives  
  87  6:58  Stalker x2  
  91  7:08  Stalker x2  
  95  7:10  Probe  
  95  7:11  Probe x2  
  98  7:17  Pylon  
  98  7:20  Probe  
  99  7:28  Adept x3  
  100  7:42  Tempest  
  104  7:48  Probe x2  
  104  7:50  Probe  
  107  7:53  Protoss Ground Armor Level 1  
  107  7:55  Photon Cannon  
  107  7:59  Probe  
  107  8:02  Stargate  
  107  8:04  Probe  
  109  8:08  Pylon  
  109  8:10  Pylon  
  109  8:18  Probe  
  109  8:19  Probe  
  109  8:22  Probe  
  108  8:34  Probe  
  108  8:36  Probe  
  106  8:42  Probe  
  106  8:46  Probe, Tempest (Chrono Boost)  
  106  8:48  Probe  
  113  8:53  Probe, Adept x2  
  122  8:56  Tempest (Chrono Boost), Assimilator  
  122  8:58  Probe  
  122  9:00  Assimilator  
  122  9:01  Photon Cannon  
  123  9:05  Adept x2  
  122  9:10  Probe  
  122  9:11  Probe x2  
  124  9:23  Pylon  
  124  9:29  Pylon  
  124  9:42  Immortal, Tempest (Chrono Boost)  
  132  9:48  Tempest (Chrono Boost)  
  132  9:50  Pylon  
  132  9:52  Photon Cannon  
  136  9:55  Adept x2  
  140  10:10  Adept x2  
  140  10:11  Adept  
  146  10:24  Gateway  
  146  10:25  Gateway, High Templar  
  146  10:27  Gateway  
  148  10:32  Pylon  
  146  10:44  Adept x4  
  66  11:07  Adept x3  
Show
View Real Time Build Order
Export as new Build Order

ANDY Terran - Winner!

Build Orders: Liberator Opening 

Get SALT Encoding   

  12  0:01  SCV  
  13  0:13  SCV  
  14  0:17  Supply Depot  
  14  0:25  SCV  
  15  0:39  SCV  
  15  0:40  Barracks  
  16  0:51  SCV  
  16  0:54  Refinery  
  17  1:03  SCV  
  18  1:15  SCV  
  19  1:27  Orbital Command  
  19  1:29  Marine  
  20  1:39  Command Center  
  20  1:46  Marine  
  21  1:52  Supply Depot  
  21  1:53  SCV  
  22  2:05  Factory  
  22  2:06  Marine  
  23  2:13  SCV  
  24  2:22  Refinery  
  24  2:23  Marine  
  24  2:26  SCV  
  26  2:39  SCV  
  26  2:43  Marine  
  28  2:49  Factory Tech Lab  
  28  2:51  SCV  
  28  2:54  Orbital Command  
  28  2:56  Starport  
  29  3:02  Marine  
  29  3:03  SCV  
  31  3:13  Cyclone  
  31  3:15  SCV  
  35  3:20  SCV, Marine  
  35  3:25  Liberator  
  37  3:27  SCV  
  37  3:28  Supply Depot  
  37  3:32  SCV  
  39  3:44  SCV x2  
  44  3:55  Barracks  
  44  3:56  SCV x2, Barracks  
  44  3:58  Marine  
  44  4:00  Factory Reactor  
  47  4:05  Engineering Bay  
  47  4:08  SCV x2  
  44  4:16  Marine  
  45  4:20  SCV  
  46  4:27  SCV  
  47  4:44  Stimpack  
  47  4:45  Barracks Reactor x2  
  47  4:51  Command Center  
  47  4:52  SCV x2  
  49  4:59  Missile Turret  
  49  5:02  Supply Depot  
  49  5:04  SCV  
  49  5:05  SCV  
  49  5:06  Supply Depot  
  51  5:08  Factory Reactor  
  51  5:14  Marine  
  51  5:17  SCV x2  
  54  5:23  Medivac x2  
  54  5:24  Refinery  
  54  5:27  Refinery  
  58  5:29  SCV x2  
  60  5:41  SCV  
  61  5:44  SCV, Missile Turret  
  62  5:51  Marine  
  62  5:52  Marine x4  
  62  5:53  SCV  
  68  6:00  Barracks  
  68  6:03  Widow Mine x2  
  70  6:06  SCV  
  70  6:07  Barracks  
  70  6:09  Marine x3  
  70  6:10  Marine x2  
  78  6:15  Orbital Command  
  78  6:19  Terran Infantry Weapons Level 1  
  78  6:27  SCV x2, Marine  
  78  6:31  Missile Turret x2  
  78  6:32  Medivac x2  
  85  6:37  Supply Depot  
  85  6:59  SCV x2, Marauder, Marine x4  
  93  7:03  Barracks Reactor x2  
  93  7:08  Orbital Command  
  93  7:22  Marine, Marauder  
  93  7:26  Marine x3  
  86  7:37  SCV x3  
  86  7:40  Marine  
  86  7:43  Marine, Marauder  
  93  7:51  Supply Depot x2  
  93  7:54  Supply Depot  
  93  7:56  Engineering Bay  
  93  8:00  Armory  
  93  8:05  Supply Depot  
  93  8:06  Supply Depot  
  93  8:09  Command Center  
  93  8:12  Marine x7  
  93  8:13  SCV x2, Marauder, Marine  
  105  8:22  Terran Infantry Armor Level 1  
  105  8:23  Starport  
  105  8:30  Marine x2  
  105  8:33  Viking x2  
  111  8:35  SCV x2, Marauder  
  111  8:37  Marine  
  111  8:38  SCV  
  117  8:42  Supply Depot  
  117  8:43  Supply Depot  
  117  8:47  SCV  
  118  8:56  Marauder  
  118  9:00  Marine x7  
  118  9:02  Marine  
  128  9:03  Viking x2  
  128  9:04  Starport Reactor  
  128  9:07  SCV x2  
  134  9:10  Refinery  
  134  9:11  Refinery  
  131  9:17  Marauder, Marine  
  131  9:18  Marine x5  
  131  9:20  Orbital Command  
  139  9:28  Barracks  
  139  9:29  Barracks  
  139  9:35  Starport  
  139  9:37  Viking x2  
  143  9:39  Marauder  
  143  9:41  Viking x2  
  143  9:43  Marine x4  
  153  9:45  Marine x2  
  155  9:59  Marine  
  155  10:00  Marauder, Marine  
  155  10:01  Marine x2  
  161  10:10  Marine x2  
  161  10:11  Supply Depot, Marine  
  161  10:12  Viking x3, Marine  
  161  10:13  Supply Depot  
  171  10:14  Supply Depot, Starport Tech Lab  
  171  10:19  Marine  
  172  10:28  Orbital Command  
  172  10:33  Viking, Marine x5  
  172  10:35  Marauder  
  180  10:44  Marine x2  
  180  10:45  Marine  
  149  10:51  Marine x5  
Tags
 
Add a new tag
Caveats
  • Supply blocks, unpowered buildings, or Contaminate may cause inaccurate times.
  • Supply counts are checked every 10 seconds.